Map: Blueshift LE

Players

HuShang

  • Race: Terran Terran
  • League: Grandmaster
  • Spawn Location: 7:00

A.I. 1 (Very Easy) - Winner!

  • Race: Zerg Zerg
  • Spawn Location: 1:00

VOD

Have the link to the VOD?

Description

Time

  • Played on: Jan. 7, 2019, 4:24 p.m.
  • Length: 9:28
Show
View Real Time Build Order
Export as new Build Order

HuShang Terran 

Build Orders: Hellion Banshee 

Get SALT Encoding   

  12  0:01  SCV  
  13  0:13  SCV  
  14  0:17  Supply Depot  
  14  0:25  SCV  
  15  0:40  Barracks  
  15  0:41  SCV  
  16  0:44  Refinery  
  16  0:53  SCV  
  17  1:05  SCV  
  18  1:17  SCV  
  19  1:27  Marine  
  19  1:29  Orbital Command  
  20  1:38  Command Center  
  20  1:49  Factory  
  20  1:55  SCV  
  20  2:01  Supply Depot  
  21  2:04  Barracks Reactor  
  21  2:08  SCV  
  22  2:20  SCV  
  22  2:21  Refinery  
  23  2:32  SCV  
  24  2:41  Starport  
  24  2:44  SCV  
  24  2:46  Hellion x2  
  24  2:48  Barracks Tech Lab  
  29  2:52  Orbital Command  
  29  2:56  SCV  
  30  3:07  Hellion x2  
  30  3:08  SCV  
  35  3:20  SCV x2  
  35  3:26  Supply Depot  
  37  3:28  Hellion  
  37  3:29  Hellion  
  37  3:32  SCV  
  37  3:33  Banshee  
  45  3:37  Cloaking Field  
  45  3:39  SCV  
  46  3:47  SCV  
  47  3:49  Barracks Tech Lab, Supply Depot  
  47  3:51  SCV  
  50  3:55  Hellion  
  50  3:56  Hellion  
  50  3:59  SCV  
  53  4:03  SCV  
  54  4:12  SCV  
  54  4:14  Supply Depot  
  54  4:16  SCV, Banshee  
  59  4:21  Supply Depot  
  59  4:25  SCV  
  59  4:27  Command Center  
  59  4:28  SCV  
  59  4:31  Stimpack  
  61  4:38  SCV  
  62  4:40  SCV  
  59  4:46  Engineering Bay x2  
  59  4:50  SCV  
  59  4:52  SCV  
  61  4:59  Barracks  
  59  5:01  Barracks  
  59  5:02  Marine  
  59  5:05  SCV x2  
  60  5:08  Refinery  
  60  5:09  Refinery, Starport Reactor  
  60  5:10  Siege Tank  
  63  5:14  Terran Infantry Weapons Level 1  
  63  5:16  Terran Infantry Armor Level 1  
  63  5:18  SCV  
  63  5:19  SCV  
  61  5:27  Marine  
  60  5:30  SCV  
  60  5:31  SCV  
  62  5:39  Orbital Command  
  62  5:42  Barracks, SCV  
  61  5:43  Barracks, SCV  
  61  5:45  Marine  
  61  5:49  Siege Tank  
  66  5:52  Starport Reactor  
  66  5:53  Marine x4  
  70  5:57  SCV x2  
  70  6:02  Orbital Command  
  70  6:03  Marine  
  73  6:11  Supply Depot x2  
  73  6:12  Supply Depot, Marine x4  
  78  6:21  Marine  
  78  6:22  Armory  
  78  6:25  Siege Tank  
  78  6:29  Medivac x2  
  78  6:31  Combat Shield  
  85  6:34  Marine x3  
  85  6:37  Marine  
  85  6:39  Barracks Reactor x2  
  89  6:46  Marine  
  90  6:49  SCV x3  
  90  6:51  Marine  
  90  6:52  Marine x2  
  96  6:55  Supply Depot, Marine  
  96  6:57  Supply Depot  
  97  7:02  Supply Depot  
  97  7:07  SCV x3  
  100  7:13  Barracks  
  100  7:15  Barracks  
  104  7:20  SCV x3  
  103  7:23  Siege Tank  
  103  7:28  Refinery  
  106  7:32  SCV x3  
  109  7:38  Supply Depot  
  109  7:39  Supply Depot x2  
  109  7:40  Medivac x2, Marine x3  
  109  7:41  Marine x4  
  120  7:55  Siege Tank  
  123  7:58  Marine x3  
  123  7:59  Marine x3  
  123  8:00  Marine x2, Marauder  
  123  8:02  Concussive Shells  
  123  8:05  Barracks Tech Lab x2  
  133  8:16  Marine x4  
  133  8:17  Medivac x2, Marine x3  
  133  8:18  Marine  
  145  8:21  Supply Depot, Marauder  
  145  8:22  Supply Depot  
  145  8:23  Supply Depot  
  147  8:27  Siege Tank  
  147  8:28  Marauder  
  147  8:29  Marauder  
  154  8:34  Marine x3  
  157  8:43  Marine x5  
  157  8:47  Unknown, Medivac x2  
  168  8:48  Marauder  
  168  8:49  Marauder  
  168  8:50  Marine  
  168  8:52  Marine x3  
  174  8:56  Supply Depot  
  174  8:57  Supply Depot x2  
  174  9:00  Marine x3  
  174  9:01  Marine  
  181  9:08  Missile Turret  
  181  9:10  Missile Turret  
  181  9:12  Missile Turret  
Show
View Real Time Build Order
Export as new Build Order

A.I. 1 (Very Easy) Zerg - Winner!

Build Orders: Hatch First 

Get SALT Encoding   

  12  0:00  Drone  
  13  0:12  Overlord  
  13  0:16  Drone  
  14  0:42  Hatchery  
  13  0:45  Drone  
  14  1:03  Spawning Pool  
  13  1:05  Extractor  
  13  1:07  Drone  
  13  1:14  Drone  
  14  1:19  Overlord  
  14  1:50  Queen  
  14  1:51  Zergling x2  
  14  1:54  Zergling x2  
  18  1:56  Roach Warren  
  17  2:03  Drone  
  17  2:07  Extractor  
  17  2:11  Drone  
  18  2:16  Zergling x2  
  18  2:22  Drone  
  20  2:29  Drone  
  21  2:36  Drone  
  22  2:43  Drone  
  23  2:50  Drone  
  24  2:58  Drone  
  25  3:03  Roach  
  25  3:05  Drone  
  28  3:11  Overlord  
  27  3:16  Drone  
  28  3:23  Drone  
  29  3:31  Drone  
  30  3:38  Drone  
  31  3:45  Drone  
  31  3:48  Overlord  
  32  3:49  Roach  
  32  3:52  Drone  
  35  3:57  Lair  
  35  3:59  Drone  
  36  4:08  Drone  
  37  4:15  Drone  
  38  4:22  Drone  
  39  4:29  Drone  
  40  4:36  Roach, Drone  
  41  4:44  Drone  
  41  4:45  Overlord  
  40  4:51  Drone  
  39  4:56  Overseer  
  39  4:57  Overseer  
  39  4:58  Drone  
  39  4:59  Queen  
  40  5:05  Drone  
  41  5:13  Drone  
  38  5:20  Drone  
  34  5:22  Zergling x2  
  34  5:27  Drone  
  36  5:32  Extractor  
  36  5:34  Drone  
  36  5:41  Drone  
  36  5:45  Extractor  
  36  5:49  Drone  
  36  5:56  Drone  
  37  6:03  Drone  
  38  6:08  Roach  
  38  6:10  Drone  
  41  6:17  Drone  
  42  6:24  Drone  
  43  6:31  Drone  
  44  6:39  Drone  
  45  6:55  Roach  
  47  7:41  Roach  
  49  7:57  Queen  
  49  8:10  Zergling x2  
  50  8:31  Overlord  
  50  8:32  Drone  
  48  8:39  Roach, Drone  
  41  8:47  Drone  
  39  8:54  Hatchery, Drone  
  39  9:01  Drone  
  40  9:07  Zergling x2  
  40  9:08  Extractor, Drone  
  41  9:16  Drone  
Tags
 
Composition
Hellion Banshee
Matchup
TvZ
Spawn Locations
Cross Positions
Add a new tag
Caveats
  • Supply blocks, unpowered buildings, or Contaminate may cause inaccurate times.
  • Supply counts are checked every 10 seconds.